 Dungeon Crawl Stone Soup version 0.28.0-53-g5a82cb258f (webtiles) character file.

Game seed: 14247181335111681517

117 DemonSlayer the Firebug (level 4, -1/30 HPs)
             Began as a Demonspawn Fire Elementalist on July 31, 2022.
             Killed from afar by an orc wizard (6 damage)
             ... with a puff of flame
             ... on level 4 of the Dungeon.
             The game lasted 00:06:01 (3079 turns).

DemonSlayer the Firebug (DsFE)                      Turns: 3079, Time: 00:06:03

Health: -1/30      AC:  5    Str:  8    XL:     4   Next: 71%
Magic:  1/8        EV: 12    Int: 18    God:
Gold:   41         SH:  0    Dex: 14    Spells: 2/8 levels left

rFire   . . .      SeeInvis .   l - +0 war axe
rCold   . . .      Faith    .   (no shield)
rNeg    . . .      Spirit   .   a - +0 robe
rPois   .          Reflect  .   (helmet restricted)
rElec   .          Harm     .   (no cloak)
rCorr   .          Rampage  .   j - +2 pair of gloves
Will    .....                   (no boots)
Stlth   ++........              (no amulet)
HPRegen 0.10/turn               (no ring)
MPRegen 0.11/turn               (no ring)

@: no status effects
A: antennae 1
a: no special abilities


You were on level 4 of the Dungeon.
You visited 1 branch of the dungeon, and saw 4 of its levels.

You collected 41 gold pieces.

Inventory:

Hand Weapons
 b - a +0 dagger
 l - a +0 war axe (weapon)
Missiles
 e - 14 sling bullets
Armour
 a - a +0 robe (worn)
 j - a +2 pair of gloves (worn)
Scrolls
 d - a scroll of torment {unknown}
 h - a scroll of noise {unknown}
 i - a scroll of fear {unknown}
 k - a scroll of identify {unknown}
Potions
 c - a potion of curing
 f - 2 potions of heal wounds {unknown}
 g - a potion of resistance {unknown}


   Skills:
 + Level 0.2 Fighting
 + Level 0.6 Short Blades
 + Level 0.3 Axes
 + Level 2.0 Dodging
 + Level 2.3 Stealth
 + Level 2.7 Spellcasting
 + Level 2.0 Conjurations
 + Level 3.6 Fire Magic


You had 2 spell levels left.
You knew the following spells:

 Your Spells              Type           Power      Damage    Failure   Level
a - Foxfire               Conj/Fire      48%        2x1d6     5%          1
b - Scorch                Fire           30%        2d6       6%          2
c - Conjure Flame         Conj/Fire      12%        6-21      16%         3

Your spell library contained the following spells:

 Spells                   Type           Power      Damage    Failure   Level
 Inner Flame              Hex/Fire       8%         N/A       24%         3
 Flame Wave               Conj/Fire      12%        2d6       45%         4


Dungeon Overview and Level Annotations

Branches:
Dungeon (3/15)

Altars:


Innate Abilities, Weirdness & Mutations

You have a pair of small antennae on your head.


Message History

Unknown command.
Unknown command.
Unknown command.
It was a potion of curing.
You feel better. Something hits you. The orc wizard closely misses you.
The orc hits you with a +0 mace.
The hobgoblin hits you but does no damage.
You hit the orc wizard.
The orc wizard is almost dead.
You completely miss the orc. You miss something.
You hit the hobgoblin but do no damage. Something hits you but does no damage.
The orc wizard misses you. The hobgoblin barely misses you. The orc misses you.
Something hits you.
The orc wizard gestures at you while chanting.
The puff of flame hits you.
* * * LOW HITPOINT WARNING * * *
Unknown command.
You feel better. The hobgoblin misses you. The orc barely misses you.
Something hits you but does no damage. The orc wizard barely misses you.
Flames lash something.
The hobgoblin hits you. The orc hits you with a +0 mace.
Something hits you but does no damage.
The orc wizard hits you with a +0 dagger.
You barely miss the orc wizard.
The orc wizard is almost dead.
You hit the hobgoblin. You closely miss something. You closely miss the orc.
The hobgoblin closely misses you. The orc hits you but does no damage.
Something barely misses you. The orc wizard closely misses you.
You barely miss the orc wizard.
The orc wizard is almost dead.
You barely miss the hobgoblin. You miss something.
You hit the orc but do no damage. The hobgoblin hits you.
The orc hits you with a +0 mace.
* * * LOW HITPOINT WARNING * * *
Something hits you but does no damage.
The orc wizard hits you with a +0 dagger.
* * * LOW HITPOINT WARNING * * *
The orc closely misses you. The hobgoblin barely misses you.
You hear some strange, mumbled words.
A puff of flame appears from out of thin air!
The puff of flame hits you.
You die...

## ## ##.#.##
.....# ....#
#{o.##
##@o..#..
#..g......
#......##......
#......# #.....
##...#.# .....
###.#.# ..(.
#.#.. ... . ##.
... . .


You could see an orc wizard, an orc and a hobgoblin.

Vanquished Creatures
  Jessica (D:3)
  4 adders (D:2)
  2 worms (D:2)
  3 dart slugs
  3 orcs
  4 ball pythons
  2 endoplasms
  A giant cockroach (D:1)
  5 goblins
  3 hobgoblins
  3 quokkas (D:2)
  2 bats (D:1)
  2 kobolds
  5 rats
40 creatures vanquished.

Vanquished Creatures (collateral kills)
  3 foxfires (D:2)
3 creatures vanquished.

Vanquished Creatures (others)
  136 foxfires
136 creatures vanquished.

Grand Total: 179 creatures vanquished

Notes
Turn   | Place    | Note
-------+----------+-------------------------------------------
     0 | D:1      | DemonSlayer the Demonspawn Fire Elementalist began the
                  | quest for the Orb.
     0 | D:1      | Reached XP level 1. HP: 13/13 MP: 3/3
   483 | D:1      | Reached skill level 3 in Fire Magic
   545 | D:1      | Gained mutation: You have a pair of small antennae on your
                  | head. [demonic ancestry]
   545 | D:1      | Reached XP level 2. HP: 19/19 MP: 3/5
   548 | D:1      | Learned a level 2 spell: Scorch
  1694 | D:2      | Reached XP level 3. HP: 24/24 MP: 3/6
  2203 | D:3      | Noticed Jessica
  2210 | D:3      | Killed Jessica
  2211 | D:3      | Reached XP level 4. HP: 30/30 MP: 2/7
  2684 | D:2      | Found a faded altar of an unknown god.
  3001 | D:2      | Learned a level 3 spell: Conjure Flame
  3062 | D:3      | You fall into a shaft and drop 1 floor!
  3079 | D:4      | Killed from afar by an orc wizard

Illustrated notes

Levels and vault maps discovered:
D:1:      tarquinn_simple_flora_water_d, layout_loops_ring, minmay_tromino_i2
D:2:      layout_loops_ring, shapermc_ecumenical_altar_mp_ritualfount
D:3:      layout_loops_ring, nzn_wu_jian_contemplation,
          kennysheep_okawaru_gauntlet, nicolae_overflow_hallway_of_the_gods,
          uniq_jessica
D:4:      layout_cave_pools, ebering_ghost_sewer_d

Skill      XL: |  1  2  3  4 |
---------------+-------------+-----
Fire Magic     | 3 |  3.6
Stealth        | 2 |  2.3
Conjurations   | 2 |  2.0
Dodging        | 2 |  2.0
Fighting       | |  0.2
Short Blades   | |  0.6
Axes           | |  0.3
Spellcasting   | |  2.7

Action                   |  1- 3 |  4- 6 || total
-------------------------+-------+-------++-------
Melee: Dagger            |    57 |       ||    57
       War axe           |       |    14 ||    14
       Punch             |       |     1 ||     1
 Cast: Foxfire           |    69 |    16 ||    85
       Scorch            |     2 |     5 ||     7
  Use: Potion            |       |     2 ||     2
 Stab: Sleeping          |     3 |     1 ||     4
Armor: Robe              |    15 |    12 ||    27
Dodge: Dodged            |    41 |    23 ||    64
